 Dungeon Crawl Stone Soup version 0.21.0-3-g78d12a8 (webtiles) character file.

7 tidbits the Caller (level 1, 0/10 HPs)
             Began as a Felid Summoner on Jan 8, 2018.
             Succumbed to an adder's poison
             ... on level 2 of the Dungeon.
             The game lasted 00:01:37 (225 turns).

tidbits the Caller (Felid Summoner)                  Turns: 225, Time: 00:01:38

Health: 0/10       AC:  1    Str:  9    XL:     1   Next: 83%
Magic:  3/4        EV: 18    Int: 16    God:
Gold:   0          SH:  0    Dex: 16    Spells: 3/4 levels left
                                        Lives:  0   Deaths: 0

rFire    . . .     SeeInvis +     - Unarmed
rCold    . . .     Gourm    .   (shield unavailable)
rNeg     . . .     Faith    .   (armour unavailable)
rPois    .         Spirit   .   (helmet unavailable)
rElec    .         Reflect  .   (cloak unavailable)
rCorr    .         Harm     .   (gloves unavailable)
MR       .....                  (boots unavailable)
Stlth    ..........             (no amulet)
HPRegen  0.03/turn              (no ring)
MPRegen  0.09/turn              (no ring)

@: berserking, lethally poisoned (0 -> -9), very quick
A: very small, no armour, no weapons or thrown items, stealth, claws 1, fangs 3,
see invisible, carnivore, speed 1, shaggy fur 1, slow metabolism 1, sharp paws
a: no special abilities


You were on level 2 of the Dungeon.
You were not hungry.

You visited 1 branch of the dungeon, and saw 2 of its levels.

Inventory:

Jewellery
 g - an uncursed ring of fire
   (You found it on level 2 of the Dungeon)
Scrolls
 c - 2 scrolls of magic mapping {unknown}
 d - a scroll of blinking {unknown}
 e - a scroll of identify {unknown}
 h - a scroll of fog {unknown}
Books
 a - a book of Callings

   Spells                             Type                      Level
   a - Summon Small Mammal            Summoning                    1
   b - Call Imp                       Summoning                    2
   c - Call Canine Familiar           Summoning                    3
   d - Summon Guardian Golem          Hexes/Summoning              3
   e - Summon Lightning Spire         Summoning/Air                4
   f - Summon Ice Beast               Ice/Summoning                4
Comestibles
 b - 2 rations


   Skills:
 - Level 2.6 Dodging
 + Level 3.0 Stealth
 * Level 1.1 Unarmed Combat
 - Level 2.0 Spellcasting
 - Level 4.0 Summonings


You had 3 spell levels left.
You knew the following spells:

 Your Spells              Type           Power        Failure   Level  Hunger
a - Summon Small Mammal   Summ           ##..         4%          1    #......


Dungeon Overview and Level Annotations

Branches:
Dungeon (2/15)

Altars:

Annotations:
D:2 exclusion: kobold


Innate Abilities, Weirdness & Mutations

You cannot wear armour.
You are incapable of wielding weapons or throwing items.
Your paws allow you to move quietly. (Stealth)
You have sharp claws.
You have razor-sharp teeth.
You have supernaturally acute eyesight. (SInv)
You are carnivorous and can eat meat at any time.
You cover ground quickly.
You are covered in fur. (AC +1)
You have a slow metabolism.
Your sharp claws are effective at attacking unaware monsters.


Message History

Your rat disappears in a puff of smoke!
You open the door.
A bat comes into view.
Found a scroll labeled WEEROA QYMMUCE.
There is an open door here.
You pounce on the unaware helpless bat!
You claw the bat!
You kill the bat!
Your Stealth skill increases to level 3!
Your Unarmed Combat skill increases to level 1!
h - a scroll labeled WEEROA QYMMUCE A kobold comes into view.
It is wielding a dagger.
The kobold shouts!
Casting: Summon Small Mammal
Confirm with . or Enter, or press ? or * to list all spells.
You miscast Summon Small Mammal.
You are very lightly contaminated with residual magic.
Strange energies run through your body.
Casting: Summon Small Mammal
Confirm with . or Enter, or press ? or * to list all spells.
The kobold barely misses you.
You swap places.
The kobold hits your quokka with a dagger.
Your quokka misses the kobold. The kobold barely misses your quokka.
Your quokka bites the kobold but does no damage.
What are your orders? t - Meow!
Orders for allies: a - Attack new target. r - Retreat! s - Stop attacking. g - Guard the area. f - Follow me.
Anything else - Cancel.
Gang up on whom?
Press: ? - help, Dir - move target cursor, f - kobold
Aim: a kobold, wielding a dagger Attack!
The kobold hits your quokka with a dagger.
Your quokka dies!
Your quokka's corpse disappears in a puff of smoke!
Casting: Summon Small Mammal
Confirm with . or Enter, or press ? or * to list all spells.
You scratch the kobold but do no damage.
You bite the kobold, but do no damage.
Your rat barely misses the kobold.
The kobold closely misses you.
You scratch the kobold but do no damage.
Your rat bites the kobold.
The kobold dies!
You see here a dagger.
Your magical contamination has completely faded away.
A kobold comes into view. It is wielding a whip of distortion.
Press: ? - help, v - describe, . - travel
Here: a kobold, wielding a whip of distortion (resting)
The floor.
Placed new exclusion.
You swap places.
Your rat disappears in a puff of smoke!
Found a mace.
An adder comes into view.
Found a stone staircase leading down.
The adder hisses angrily.
The adder barely misses you.
Casting: Summon Small Mammal
Confirm with . or Enter, or press ? or * to list all spells.
The adder misses you. The adder bites you.
Ouch! That really hurt!
* * * LOW HITPOINT WARNING * * *
You are lethally poisoned!
The adder poisons you!
* * * LOW HITPOINT WARNING * * *
You feel sick.
Your bat closely misses the adder.
The adder misses you.
It was a potion of berserk rage.
A red film seems to cover your vision as you go berserk!
You feel yourself moving faster!
You feel mighty!
* * * LOW HITPOINT WARNING * * *
You feel sick.
Your bat hits the adder but does no damage.
The adder misses you.
You barely miss the adder.
Your bat barely misses the adder.
The adder closely misses you.
You barely miss the adder.
Your bat hits the adder but does no damage.
Your bat completely misses the adder.
The adder misses you.
You closely miss the adder. Your bite misses the adder.
Your bat completely misses the adder.
The adder completely misses you.
You claw the adder!
The adder is severely wounded.
* * * LOW HITPOINT WARNING * * *
You feel sick.
Your bat closely misses the adder.
The adder completely misses you.
You closely miss the adder.
The adder is severely wounded.
Your bat barely misses the adder. x2
You closely miss the adder.
The adder is severely wounded.
Your bat misses the adder. The adder barely misses you.
You closely miss the adder.
The adder is severely wounded.
Your bat closely misses the adder. x2; The adder barely misses you.
You barely miss the adder.
The adder is severely wounded.
You die...

#.##...#.....<....[#
#.##.####...###.##.#
#.# ........#.. .#
#.####......#.# #
#...........#.###
######...........
..............##
###########....#
.........@S#
########..b......
...#..#####
.......>..
############


You could see an adder and a friendly bat.

Vanquished Creatures
  A hobgoblin (D:1)
  3 bats
4 creatures vanquished.

Vanquished Creatures (collateral kills)
  A hobgoblin (D:2)
  A frilled lizard (D:2)
  A kobold (D:2)
3 creatures vanquished.

Grand Total: 7 creatures vanquished

Notes
Turn   | Place    | Note
-------+----------+-------------------------------------------
     0 | D:1      | tidbits the Felid Summoner began the quest for the Orb.
     0 | D:1      | Reached XP level 1. HP: 7/7 MP: 4/4
   142 | D:2      | Reached skill level 3 in Stealth
   142 | D:2      | Reached skill level 1 in Unarmed Combat
   221 | D:2      | HP: 1/10 [poisoned by an adder]
   225 | D:2      | Succumbed to an adder's poison

Skill      XL: |  1 |
---------------+----+-----
Stealth        | 3 |  3.0
Unarmed Combat | 1 |  1.1
Dodging        | |  2.6
Spellcasting   | |  2.0
Summonings     | |  4.0

Action                   || total
-------------------------++-------
Melee: Unarmed           ||    17
       Bite              ||     2
 Cast: Summon Small Mamm ||     4
  Use: Potion            ||     1
 Stab: Sleeping          ||     3
Dodge: Dodged            ||    21

Table legend:
 A = Turns spent in this place as a percentage of turns spent in the entire game.
 B = Non-inter-level travel turns spent in this place as a percentage of non-inter-level travel turns spent in the entire game.
 C = Inter-level travel turns spent in this place as a percentage of turns spent in this place.
 D = Turns resting spent in this place as a percentage of non-inter-level travel turns spent in this place.
 E = Turns spent auto-exploring this place as a percentage of non-inter-level travel turns spent in this place.
 F = Non-inter-level travel turns spent in this place divided by the number of levels of this place that you've seen.
                   A       B       C       D       E      F
               +-------+-------+-------+-------+-------+----------------------
         Total | 100.0 | 100.0 |   0.0 |   0.0 |   0.0 | 112.5
       Dungeon | 100.0 | 100.0 |   0.0 |   0.0 |   0.0 | 112.5
               +-------+-------+-------+-------+-------+----------------------

Table legend:
 A = Kills in this place as a percentage of kills in entire the game.
 B = Kills by you in this place as a percentage of kills by you in the entire game.
 C = Kills by friends in this place as a percentage of kills by friends in the entire game.
 D = Other kills in this place as a percentage of other kills in the entire game.
 E = Experience gained in this place as a percentage of experience gained in the entire game.
 F = Experience gained in this place divided by the number of levels of this place that you have seen.
                   A       B       C       D       E      F
               +-------+-------+-------+-------+-------+----------------------
         Total | 100.0 | 100.0 | 100.0 |   N/A | 100.0 |   5.0
       Dungeon | 100.0 | 100.0 | 100.0 |   N/A | 100.0 |   5.0
               +-------+-------+-------+-------+-------+----------------------

Vault maps used:
D:1:      mrwooster_arrival_arrow
D:2:      first_ration
